Map: Data-C

Players

RatioPlusL (Vindicta) - Winner!

  • Race: Terran Terran
  • League: Master
  • Spawn Location: 9:00

Bumbzzzz

  • Race: Protoss Protoss
  • League: Master
  • Spawn Location: 3:00

VOD

Have the link to the VOD?

Description

Time

  • Played on: July 20, 2022, 3:24 p.m.
  • Length: 17:25
Show
View Real Time Build Order
Export as new Build Order

RatioPlusL Terran - Winner!

Build Orders:  

Get SALT Encoding   

  12  0:00  SCV  
  13  0:12  SCV  
  14  0:19  Supply Depot  
  14  0:24  SCV  
  15  0:40  SCV  
  15  0:42  Barracks  
  16  0:47  Refinery  
  16  0:52  SCV  
  16  0:54  Refinery  
  17  1:04  SCV  
  18  1:16  SCV  
  19  1:30  Reaper  
  19  1:31  Orbital Command  
  20  1:44  Factory  
  20  1:51  Supply Depot  
  20  1:56  SCV  
  21  2:02  Reaper  
  22  2:08  SCV  
  23  2:20  SCV  
  24  2:28  Hellion  
  26  2:35  Command Center  
  26  2:37  SCV  
  27  2:39  Barracks Reactor  
  27  2:49  Widow Mine  
  27  2:50  Supply Depot  
  30  2:51  SCV  
  30  2:59  Starport  
  30  3:12  Widow Mine  
  32  3:13  SCV  
  32  3:16  Marine x2  
  35  3:25  SCV  
  36  3:28  Bunker  
  36  3:34  Marine x2  
  36  3:35  Starport Tech Lab  
  36  3:40  SCV  
  39  3:50  Orbital Command  
  39  3:52  Factory Tech Lab, Marine  
  39  3:53  SCV  
  39  3:55  Raven  
  43  4:00  Marine  
  44  4:05  SCV  
  45  4:10  Marine  
  45  4:14  Cyclone  
  45  4:16  SCV  
  50  4:18  Marine  
  50  4:20  Supply Depot  
  51  4:27  Marine, SCV  
  53  4:35  SCV  
  54  4:41  Marine  
  54  4:42  Supply Depot  
  54  4:45  SCV  
  56  4:46  Barracks  
  56  4:47  SCV  
  54  4:57  Marine, SCV  
  54  4:59  Marine  
  55  5:01  SCV  
  52  5:10  SCV  
  52  5:13  SCV  
  49  5:21  Barracks  
  49  5:22  SCV  
  49  5:25  SCV  
  51  5:30  Stimpack  
  51  5:31  Marine  
  51  5:35  SCV  
  53  5:37  SCV  
  54  5:44  Refinery  
  54  5:45  Engineering Bay  
  54  5:47  SCV  
  54  5:49  Marauder, SCV  
  58  5:50  Marine x2  
  58  5:54  Factory Reactor, Starport Reactor  
  60  5:59  SCV  
  60  6:01  SCV  
  60  6:02  Supply Depot  
  62  6:08  Marine  
  62  6:10  Marauder  
  62  6:11  SCV  
  65  6:13  SCV  
  65  6:15  Marauder  
  68  6:23  SCV  
  68  6:26  Combat Shield  
  68  6:27  Marine  
  69  6:35  Terran Infantry Weapons Level 1  
  69  6:37  Medivac  
  69  6:38  Medivac  
  72  6:40  SCV  
  72  6:44  Supply Depot  
  72  6:46  Marauder  
  75  6:49  Marauder  
  75  6:52  SCV  
  78  6:56  Supply Depot  
  78  7:05  Widow Mine x2, SCV  
  78  7:06  Supply Depot  
  78  7:07  Marauder, SCV  
  86  7:13  Marauder  
  85  7:24  Missile Turret  
  85  7:27  Widow Mine, SCV  
  85  7:28  Marauder, SCV  
  85  7:29  Marine  
  92  7:32  Concussive Shells, Supply Depot  
  92  7:33  Marine  
  95  7:39  SCV  
  95  7:40  SCV  
  95  7:42  Widow Mine  
  99  7:48  Marine  
  99  7:51  SCV  
  101  7:52  SCV  
  101  7:54  Medivac x2, Supply Depot  
  104  8:10  SCV  
  108  8:17  SCV  
  108  8:19  Refinery, Marauder, Supply Depot  
  106  8:22  Marine  
  106  8:23  SCV  
  106  8:24  Command Center, Medivac  
  111  8:28  Marine  
  111  8:29  Marauder, Terran Infantry Armor Level 1, SCV  
  111  8:30  Supply Depot  
  111  8:35  SCV  
  111  8:39  Widow Mine  
  111  8:41  Marauder  
  116  8:43  Barracks  
  116  8:44  Barracks, Viking  
  118  8:50  Marauder  
  118  8:51  SCV  
  121  8:59  Marine  
  121  9:02  Marine, SCV  
  122  9:03  Marauder  
  122  9:05  Widow Mine, Supply Depot  
  125  9:14  SCV  
  125  9:16  SCV  
  120  9:17  Marine  
  120  9:20  Viking x2  
  120  9:22  Supply Depot  
  121  9:26  SCV  
  121  9:27  Widow Mine x2  
  121  9:29  Marauder  
  121  9:30  SCV  
  126  9:32  Marine  
  129  9:41  Barracks Reactor, Barracks Tech Lab  
  129  9:43  SCV x2  
  131  9:49  Viking  
  131  9:52  Marauder, Supply Depot  
  133  9:54  Missile Turret  
  133  9:55  SCV  
  133  9:57  Orbital Command  
  133  9:59  Marauder  
  137  10:00  Widow Mine  
  137  10:06  Viking  
  141  10:11  SCV  
  141  10:13  Marauder  
  145  10:16  Refinery  
  145  10:17  Widow Mine  
  145  10:20  Marauder  
  147  10:22  Widow Mine, SCV  
  147  10:23  SCV  
  147  10:26  Sensor Tower  
  147  10:28  Ghost Academy  
  149  10:29  SCV  
  149  10:34  Marauder  
  155  10:35  SCV  
  155  10:37  Refinery  
  155  10:42  Marauder, Marine  
  158  10:43  Marine  
  158  10:49  SCV  
  158  10:53  Supply Depot x2, Marine  
  158  10:54  SCV x2  
  158  10:55  Missile Turret, Engineering Bay  
  158  10:56  Missile Turret  
  158  10:57  Armory  
  159  11:03  Ghost  
  161  11:04  Enhanced Shockwaves  
  161  11:06  Missile Turret  
  161  11:09  Ghost, SCV  
  164  11:14  Ghost  
  164  11:15  Viking  
  168  11:24  Viking  
  170  11:27  SCV x2  
  170  11:31  Supply Depot  
  170  11:32  Ghost  
  172  11:38  Ghost  
  145  11:46  Marine x3  
  135  11:47  Marine  
  132  11:59  SCV  
  122  12:01  Marauder, SCV  
  122  12:03  Marine  
  124  12:09  Command Center, Terran Infantry Weapons Level 2, Terran Infantry Armor Level 2  
  124  12:10  SCV  
  124  12:12  Marine  
  124  12:17  Liberator  
  124  12:20  SCV  
  128  12:24  Liberator  
  128  12:25  Marine  
  128  12:26  Marauder, Marine  
  128  12:28  Marine  
  136  12:36  Marauder x2, Marine  
  141  12:43  Marine  
  142  12:44  Marine  
  142  12:46  Marine x2  
  145  12:53  SCV  
  145  12:58  Marauder  
  150  13:00  Liberator  
  150  13:03  SCV x2  
  150  13:04  Marine  
  150  13:05  Marauder  
  156  13:08  SCV  
  157  13:12  Medivac  
  157  13:15  Missile Turret, SCV  
  158  13:20  Barracks  
  158  13:21  Marine  
  158  13:22  Barracks, Marauder x2  
  158  13:23  SCV  
  158  13:26  Marauder  
  166  13:32  Widow Mine x2  
  170  13:36  Missile Turret  
  170  13:37  Marine  
  171  13:42  Medivac  
  171  13:43  Marauder x2  
  171  13:45  Planetary Fortress  
  179  13:48  Marauder  
  179  13:54  Refinery  
  179  13:55  Refinery  
  179  14:04  Marauder  
  179  14:05  Marauder, SCV x2  
  179  14:09  Sensor Tower  
  187  14:10  Marauder  
  187  14:13  SCV  
  185  14:20  Liberator  
  185  14:21  Marine  
  180  14:26  Marauder  
  180  14:28  Marine x2  
  184  14:31  Marauder  
  184  14:33  Terran Infantry Armor Level 3, Terran Infantry Weapons Level 3  
  179  14:42  Marauder, Marine  
  178  14:49  Medivac  
  178  14:51  Marauder, Marine x2  
  178  14:52  Marauder  
  179  15:03  Marine x2  
  179  15:04  Medivac, Marauder  
  176  15:08  SCV  
  176  15:09  Marine x4  
  176  15:12  Marauder  
  176  15:14  Marauder  
  171  15:16  Command Center, SCV  
  171  15:18  Medivac  
  171  15:21  Marine x2  
  163  15:25  SCV  
  163  15:27  Marine x2  
  163  15:30  Marauder  
  163  15:34  Marauder  
  163  15:35  Marine  
  164  15:37  Barracks Tech Lab x2  
  164  15:39  Marine  
  159  15:46  Marine  
  159  15:47  Marine  
  155  15:50  Ghost  
  155  15:52  Ghost  
  155  15:53  Medivac  
  155  15:54  Ghost, Marine  
  163  15:58  Medivac  
  163  16:02  Marauder, Marine x2  
  167  16:11  Marine  
  166  16:17  SCV  
  168  16:19  Ghost, Marauder  
  168  16:21  Marauder, Marine  
  168  16:23  Medivac, Ghost  
  168  16:24  Marauder  
  179  16:27  SCV  
  179  16:28  Medivac  
  175  16:41  Marauder  
  175  16:43  Missile Turret, Marauder  
  175  16:46  Marauder, Marine x3  
  175  16:47  Marine  
  170  16:49  Marauder  
  170  16:52  Marauder  
  173  17:01  SCV  
  176  17:02  Marauder  
  176  17:04  Marine x3  
  176  17:06  Marine  
  179  17:13  SCV  
Show
View Real Time Build Order
Export as new Build Order

Bumbzzzz Protoss 

Build Orders: 1 Gate Expand, Zealot Archon, Dark Templar Rush 

Get SALT Encoding   

  12  0:00  Probe  
  13  0:12  Probe  
  14  0:17  Pylon  
  14  0:24  Probe  
  15  0:37  Probe (Chrono Boost)  
  15  0:38  Gateway  
  16  0:48  Assimilator, Probe (Chrono Boost)  
  17  0:53  Probe (Chrono Boost)  
  18  1:03  Probe  
  19  1:15  Probe  
  20  1:24  Nexus  
  20  1:35  Cybernetics Core  
  20  1:37  Probe  
  21  1:46  Assimilator  
  21  1:49  Probe  
  22  1:57  Pylon  
  22  2:05  Probe  
  23  2:11  Warp Gate  
  23  2:12  Adept (Chrono Boost)  
  25  2:17  Probe  
  26  2:26  Twilight Council  
  26  2:30  Probe  
  26  2:35  Adept  
  29  2:37  Probe  
  29  2:42  Probe  
  31  2:50  Probe  
  31  2:57  Robotics Facility  
  31  2:58  Shield Battery  
  31  3:03  Probe x2 (Chrono Boost)  
  35  3:13  Probe x2 (Chrono Boost)  
  35  3:15  Dark Shrine  
  37  3:20  Probe (Chrono Boost)  
  37  3:21  Probe (Chrono Boost)  
  37  3:31  Gateway  
  37  3:33  Probe  
  38  3:35  Gateway  
  38  3:42  Probe  
  38  3:45  Probe  
  40  3:48  Warp Prism (Chrono Boost)  
  40  3:54  Probe  
  43  3:57  Assimilator, Probe  
  44  4:03  Pylon  
  44  4:09  Probe  
  45  4:21  Probe  
  46  4:38  Dark Templar x2  
  47  4:39  Dark Templar  
  47  4:45  Probe  
  52  4:53  Probe  
  52  4:57  Probe  
  54  5:01  Nexus  
  54  5:03  Pylon  
  54  5:09  Probe x2  
  52  5:21  Probe x2  
  52  5:22  Charge (Chrono Boost)  
  52  5:23  Pylon  
  52  5:24  Gateway  
  52  5:26  Gateway  
  54  5:33  Robotics Bay, Probe x2  
  54  5:34  Gateway  
  56  5:36  Dark Templar  
  56  5:38  Pylon  
  56  5:39  Assimilator  
  56  5:41  Shield Battery  
  58  5:44  Archon  
  58  5:45  Probe x2, Zealot x2  
  64  5:50  Pylon  
  64  5:52  Forge  
  64  5:54  Shield Battery  
  64  5:57  Probe  
  64  5:58  Probe  
  66  6:09  Probe  
  66  6:10  Probe  
  68  6:15  Protoss Ground Weapons Level 1 (Chrono Boost)  
  68  6:16  Probe  
  69  6:22  Probe x2 (Chrono Boost)  
  69  6:26  Colossus (Chrono Boost)  
  69  6:28  Probe (Chrono Boost)  
  69  6:32  Extended Thermal Lance  
  74  6:35  Probe (Chrono Boost)  
  77  6:40  Probe x2 (Chrono Boost), Photon Cannon  
  77  6:41  Photon Cannon  
  77  6:43  Dark Templar, Probe (Chrono Boost)  
  77  6:44  Pylon  
  77  6:45  Probe (Chrono Boost)  
  77  6:47  Probe (Chrono Boost), Photon Cannon  
  82  6:49  Probe  
  82  6:54  Pylon  
  83  6:56  Zealot x2  
  83  6:59  Pylon  
  83  7:00  Probe  
  83  7:01  Probe  
  83  7:07  Colossus (Chrono Boost)  
  83  7:08  Assimilator  
  89  7:19  Probe  
  89  7:22  Dark Templar x2  
  92  7:23  Zealot x4  
  92  7:27  Archon  
  100  7:34  Assimilator  
  100  7:37  Photon Cannon  
  100  7:45  Photon Cannon  
  100  7:46  Colossus (Chrono Boost)  
  106  7:54  Sentry  
  106  7:55  Zealot x3  
  106  7:58  Nexus  
  113  8:02  Pylon  
  113  8:11  Shield Battery  
  113  8:12  Pylon, Zealot x2  
  115  8:20  Pylon  
  115  8:23  Zealot  
  115  8:24  Dark Templar, Zealot  
  115  8:25  Probe  
  115  8:26  Probe x2  
  120  8:29  Gateway  
  120  8:31  Pylon  
  120  8:37  Pylon  
  120  8:38  Probe  
  120  8:40  Blink, Gateway  
  119  8:49  Zealot x2  
  119  8:52  Zealot  
  125  8:58  Probe, Stalker  
  128  9:03  Disruptor  
  128  9:05  Stalker  
  133  9:13  Zealot x2  
  133  9:14  Zealot  
  135  9:28  Probe x2  
  137  9:34  Pylon  
  137  9:35  Dark Templar, Photon Cannon  
  137  9:37  Probe  
  140  9:38  Assimilator  
  140  9:39  Assimilator  
  140  9:41  Photon Cannon, Shield Battery  
  140  9:45  Photon Cannon x2  
  140  9:51  Pylon  
  140  9:54  Templar Archives, Pylon  
  140  9:56  Forge  
  140  9:59  Photon Cannon  
  140  10:00  Pylon  
  140  10:01  Pylon  
  140  10:08  Pylon  
  140  10:09  Shield Battery, Photon Cannon  
  140  10:13  Probe (Chrono Boost)  
  141  10:17  Disruptor (Chrono Boost)  
  141  10:19  Stalker  
  141  10:20  Stalker x3  
  141  10:21  Probe x2 (Chrono Boost)  
  144  10:22  Probe (Chrono Boost)  
  144  10:25  Probe (Chrono Boost)  
  145  10:30  Archon, Protoss Ground Armor Level 1 (Chrono Boost)  
  145  10:32  Probe x2 (Chrono Boost)  
  145  10:33  Probe (Chrono Boost)  
  145  10:34  Probe (Chrono Boost)  
  145  10:35  High Templar x2, Psionic Storm  
  153  10:36  Protoss Ground Weapons Level 2 (Chrono Boost), High Templar  
  153  10:37  Probe (Chrono Boost)  
  153  10:38  Probe (Chrono Boost)  
  153  10:39  Archon, Probe x2 (Chrono Boost)  
  159  10:45  Photon Cannon  
  159  10:47  High Templar, Probe  
  159  10:49  Probe  
  163  10:50  Disruptor (Chrono Boost)  
  163  10:52  Archon  
  163  10:53  High Templar  
  163  10:54  High Templar  
  163  10:56  Probe x2  
  172  10:59  Probe  
  172  11:02  Dark Templar  
  175  11:08  Dark Templar  
  175  11:09  Dark Templar  
  179  11:18  Stalker  
  170  11:20  Photon Cannon  
  170  11:22  Shield Battery  
  170  11:24  Disruptor  
  170  11:25  Probe x2  
  174  11:26  Probe  
  146  11:47  Zealot  
  146  11:48  Zealot x6  
  151  11:58  Colossus (Chrono Boost)  
  107  12:14  Robotics Facility  
  107  12:18  High Templar x2  
  107  12:19  High Templar x2  
  107  12:20  Zealot x2  
  117  12:24  Archon x2  
  117  12:28  Probe  
  117  12:29  Probe x2  
  116  12:39  Protoss Ground Armor Level 2 (Chrono Boost)  
  116  12:41  Photon Cannon  
  116  12:43  Disruptor, Stalker x3, Shield Battery  
  122  12:50  Gateway  
  125  12:53  Gateway  
  125  12:54  Pylon  
  125  12:56  Stalker  
  125  12:57  Stalker x2  
  131  13:01  Nexus  
  131  13:02  Pylon  
  131  13:05  Pylon, Zealot  
  133  13:07  Dark Templar x2  
  133  13:10  Protoss Ground Weapons Level 3 (Chrono Boost)  
  133  13:11  Pylon  
  138  13:12  Probe  
  138  13:13  Probe  
  139  13:20  Pylon  
  139  13:22  Disruptor  
  139  13:23  Disruptor, Pylon  
  145  13:30  Pylon  
  145  13:33  Stalker x4  
  153  13:45  Probe  
  153  13:46  Probe x3  
  157  13:56  Zealot  
  157  13:57  Zealot x4, Shield Battery  
  157  13:58  Disruptor, Photon Cannon  
  157  14:00  Stalker, Photon Cannon  
  157  14:02  Photon Cannon  
  172  14:04  High Templar x2  
  172  14:05  High Templar, Pylon  
  172  14:06  Disruptor  
  172  14:08  Pylon  
  157  14:31  Stalker  
  157  14:32  Stalker x5  
  157  14:37  Probe x2  
  144  14:49  Archon  
  144  14:51  Zealot x3  
  132  15:00  Stalker x3  
  132  15:01  Stalker x2  
  132  15:05  Disruptor x2  
  132  15:06  Zealot  
  127  15:17  Zealot x3  
  117  15:26  Dark Templar x2  
  117  15:27  Dark Templar, Zealot x3  
  107  15:35  Probe x2  
  105  15:38  Photon Cannon  
  105  15:39  Photon Cannon  
  105  15:40  Photon Cannon  
  107  15:46  Stalker  
  107  15:47  Stalker  
  107  15:48  Stalker  
  91  15:58  Stalker x2  
  91  15:59  Dark Templar  
  91  16:03  Dark Templar  
  91  16:04  Dark Templar, Zealot  
  80  16:14  Stalker x3  
  78  16:23  Dark Templar x2  
  70  16:28  Dark Templar  
  70  16:32  Dark Templar  
  64  16:42  Stalker  
  64  16:43  Stalker x3  
  65  16:57  Zealot  
  65  16:58  Zealot  
  63  17:08  Zealot  
  61  17:09  Zealot x5  
Tags
 
Composition
Zealot Archon
Matchup
PvT
Player
Vindicta
Spawn Locations
Cross Positions
Add a new tag
Caveats
  • Supply blocks, unpowered buildings, or Contaminate may cause inaccurate times.
  • Supply counts are checked every 10 seconds.